% Time on Ice - BOISE CARIBOUS
Lines # - Real PCT - Wanted PCT - Time Play
Normal Forward
1 - 34% - 36% - 16:30
2 - 28% - 30% - 13:20
3 - 25% - 24% - 11:57
4 - 13% - 10% - 6:07
Normal Defense
1 - 37% - 36% - 17:41
2 - 35% - 36% - 16:45
3 - 28% - 28% - 13:28
4 - 0% - 0% - 0:00
PP Forward
1 - 66% - 55% - 4:42
2 - 34% - 45% - 2:23
PP Defense
1 - 63% - 55% - 4:26
2 - 37% - 45% - 2:39
PK Forward
1 - 51% - 50% - 1:42
2 - 49% - 50% - 1:39
PK Defense
1 - 66% - 55% - 2:13
2 - 34% - 45% - 1:08
PK3 Forward
1 - 0% - 55%
2 - 0% - 45%
PK3 Defense
1 - 0% - 55%
2 - 0% - 45%
44 Forward
1 - 100% - 55% - 0:51
2 - 0% - 45% - 0:00
44 Defense
1 - 0% - 55% - 0:00
2 - 100% - 45% - 0:51
Last Minute Offensive  - 0:49
Last Minute Defensive  - 0:00
Total
Forward - 60:00
Defense - 60:00
% Time on Ice - TEXAS TOROS
Lines # - Real PCT - Wanted PCT - Time Play
Normal Forward
1 - 32% - 36% - 15:39
2 - 29% - 31% - 14:02
3 - 23% - 23% - 11:16
4 - 15% - 10% - 7:29
Normal Defense
1 - 33% - 36% - 15:46
2 - 35% - 31% - 17:11
3 - 29% - 23% - 14:00
4 - 3% - 10% - 1:29
PP Forward
1 - 54% - 55% - 1:49
2 - 46% - 45% - 1:32
PP Defense
1 - 60% - 55% - 2:01
2 - 40% - 45% - 1:20
PK Forward
1 - 60% - 55% - 4:13
2 - 40% - 45% - 2:52
PK Defense
1 - 58% - 55% - 4:08
2 - 42% - 45% - 2:57
PK3 Forward
1 - 0% - 55%
2 - 0% - 45%
PK3 Defense
1 - 0% - 55%
2 - 0% - 45%
44 Forward
1 - 90% - 55% - 0:46
2 - 10% - 45% - 0:05
44 Defense
1 - 10% - 55% - 0:05
2 - 90% - 45% - 0:46
Last Minute Offensive  - 0:00
Last Minute Defensive  - 0:17
Total
Forward - 60:00
Defense - 60:00
Play-by-Play 1st period 0:01 of 1st period - Jonathan Toews wins face-off versus Vincent Trocheck in neutral zone. 0:37 of 1st period - Shot by Tim Stutzle. 0:37 of 1st period - Goal by Tim Stutzle - BOISE CARIBOUS : 1 - TEXAS TOROS : 0. 0:38 of 1st period - Jean-Gabriel Pageau wins face-off versus Taylor Raddysh in neutral zone. 0:47 of 1st period - Shot by Jean-Gabriel Pageau. 0:47 of 1st period - Shot Misses the Net. 1:05 of 1st period - Shot by Nick Schmaltz. 1:05 of 1st period - Shot Misses the Net. 1:12 of 1st period - Icing by Ryan Suter. 1:13 of 1st period - Kevin Hayes wins face-off versus Charlie Coyle in TEXAS TOROS zone. 1:57 of 1st period - Icing by Kevin Hayes. 1:58 of 1st period - Jesperi Kotkaniemi wins face-off versus Kevin Hayes in TEXAS TOROS zone. 2:01 of 1st period - Shot by Kirill Marchenko. 2:01 of 1st period - Stopped by Daniil Tarasov without a rebound. 2:02 of 1st period - Trevor Zegras wins face-off versus Jesperi Kotkaniemi in TEXAS TOROS zone. 2:54 of 1st period - Icing by Owen Power. 2:55 of 1st period - Tim Stutzle wins face-off versus Trevor Zegras in TEXAS TOROS zone. 3:08 of 1st period - Shot by Vincent Trocheck. 3:08 of 1st period - Stopped by Daniil Tarasov with a rebound. 3:40 of 1st period - Shot by Troy Terry. 3:40 of 1st period - Stopped by Ilya Sorokin without a rebound. 3:41 of 1st period - Jean-Gabriel Pageau wins face-off versus Ryan Poehling in BOISE CARIBOUS zone. 3:43 of 1st period - Icing by Nick Schmaltz. 3:44 of 1st period - Jonathan Toews wins face-off versus Jean-Gabriel Pageau in BOISE CARIBOUS zone. 3:53 of 1st period - Shot by Troy Terry. 3:53 of 1st period - Stopped by Ilya Sorokin without a rebound. 3:54 of 1st period - Jean-Gabriel Pageau wins face-off versus Ryan Poehling in BOISE CARIBOUS zone. 4:16 of 1st period - Jean-Gabriel Pageau is hit by Jesse Ylonen and loses puck. 4:29 of 1st period - Shot by Nick Schmaltz. 4:29 of 1st period - Stopped by Daniil Tarasov with a rebound. 4:38 of 1st period - Icing by Rasmus Dahlin. 4:39 of 1st period - Jean-Gabriel Pageau wins face-off versus Jonathan Toews in BOISE CARIBOUS zone. 4:46 of 1st period - Shot by Nick Schmaltz. 4:46 of 1st period - Stopped by Daniil Tarasov without a rebound. 4:47 of 1st period - Jonathan Toews wins face-off versus Charlie Coyle in TEXAS TOROS zone. 4:47 of 1st period - Jonathan Toews is hit by Gabriel Vilardi. 4:58 of 1st period - Charlie Coyle is hit by Ryan Suter and loses puck. 5:05 of 1st period - Charlie Coyle is hit by Colin Blackwell and loses puck. 6:02 of 1st period - Shot by Kevin Hayes. 6:02 of 1st period - Shot Blocked by Dylan DeMelo. 6:04 of 1st period - Shot by Dougie Hamilton. 6:04 of 1st period - Shot Misses the Net. 6:06 of 1st period - Shot by Mikhail Sergachev. 6:06 of 1st period - Shot Misses the Net. 6:08 of 1st period - Shot by Kevin Hayes. 6:08 of 1st period - Shot Misses the Net. 6:28 of 1st period - Shot by Mikhail Sergachev. 6:28 of 1st period - Stopped by Ilya Sorokin with a rebound. 6:32 of 1st period - Shot by Taylor Raddysh. 6:32 of 1st period - Shot Blocked by Dylan DeMelo. 6:56 of 1st period - Trevor Zegras is hit by Dylan DeMelo and loses puck. 6:59 of 1st period - Shot by Wade Allison. 6:59 of 1st period - Shot Blocked by Dylan DeMelo. 7:01 of 1st period - Shot by Nate Schmidt. 7:01 of 1st period - Shot Misses the Net. 7:07 of 1st period - Shot by Wade Allison. 7:07 of 1st period - Stopped by Ilya Sorokin with a rebound. 7:09 of 1st period - Shot by Trevor Zegras. 7:09 of 1st period - Stopped by Ilya Sorokin without a rebound. 7:10 of 1st period - Ryan Poehling wins face-off versus Jean-Gabriel Pageau in BOISE CARIBOUS zone. 7:41 of 1st period - Icing by Rasmus Andersson. 7:42 of 1st period - Jean-Gabriel Pageau wins face-off versus Jonathan Toews in BOISE CARIBOUS zone. 7:44 of 1st period - Icing by Rasmus Dahlin. 7:45 of 1st period - Jean-Gabriel Pageau wins face-off versus Jonathan Toews in BOISE CARIBOUS zone. 8:08 of 1st period - Shot by Troy Terry. 8:08 of 1st period - Shot Misses the Net. 9:00 of 1st period - Shot by Charlie Coyle. 9:00 of 1st period - Shot Blocked by Miles Wood. 9:25 of 1st period - Icing by Charlie Coyle. 9:26 of 1st period - Trevor Zegras wins face-off versus Charlie Coyle in BOISE CARIBOUS zone. 9:33 of 1st period - Shot by Wade Allison. 9:33 of 1st period - Stopped by Ilya Sorokin without a rebound. 9:34 of 1st period - Vincent Trocheck wins face-off versus Trevor Zegras in BOISE CARIBOUS zone. 10:26 of 1st period - Tim Stutzle is hit by Mikhail Sergachev. 10:44 of 1st period - Shot by Kevin Hayes. 10:44 of 1st period - Shot Blocked by Rasmus Andersson. 11:36 of 1st period - Shot by Artturi Lehkonen. 11:36 of 1st period - Shot Misses the Net. 11:48 of 1st period - Shot by Jonathan Toews. 11:48 of 1st period - Shot Misses the Net. 11:50 of 1st period - Shot by Owen Power. 11:50 of 1st period - Stopped by Ilya Sorokin without a rebound. 11:51 of 1st period - Ryan Poehling wins face-off versus Charlie Coyle in BOISE CARIBOUS zone. 12:06 of 1st period - Shot by Charlie Coyle. 12:06 of 1st period - Stopped by Daniil Tarasov with a rebound. 12:08 of 1st period - Shot by Gabriel Vilardi. 12:08 of 1st period - Stopped by Daniil Tarasov with a rebound. 12:33 of 1st period - Icing by Moritz Seider. 12:34 of 1st period - Charlie Coyle wins face-off versus Trevor Zegras in BOISE CARIBOUS zone. 13:05 of 1st period - Minor Penalty to Mikhail Sergachev for Hooking. 13:06 of 1st period - Ryan Poehling wins face-off versus Vincent Trocheck in TEXAS TOROS zone. 14:12 of 1st period - Shot by Jean-Gabriel Pageau. 14:12 of 1st period - Deflect By Nick Schmaltz. 14:12 of 1st period - Stopped by Daniil Tarasov without a rebound. 14:13 of 1st period - Troy Terry wins face-off versus Jean-Gabriel Pageau in TEXAS TOROS zone. 14:13 of 1st period - Minor Penalty to Nick Schmaltz for Roughing. 14:14 of 1st period - Jonathan Toews wins face-off versus Jesperi Kotkaniemi in BOISE CARIBOUS zone. 14:27 of 1st period - Shot by Tyson Barrie. 14:27 of 1st period - Shot Blocked by Dylan DeMelo. 14:49 of 1st period - Shot by Jesperi Kotkaniemi. 14:49 of 1st period - Shot Misses the Net. 15:21 of 1st period - Shot by Dougie Hamilton. 15:21 of 1st period - Shot Blocked by Moritz Seider. 15:25 of 1st period - Shot by Dougie Hamilton. 15:25 of 1st period - Shot Misses the Net. 15:33 of 1st period - Shot by Mikhail Sergachev. 15:33 of 1st period - Shot Misses the Net. 15:35 of 1st period - Shot by Mikhail Sergachev. 15:35 of 1st period - Goal by Mikhail Sergachev - BOISE CARIBOUS : 1 - TEXAS TOROS : 1. 15:36 of 1st period - Trevor Zegras wins face-off versus Lawson Crouse in neutral zone. 15:42 of 1st period - Shot by Wade Allison. 15:42 of 1st period - Stopped by Ilya Sorokin without a rebound. 15:43 of 1st period - Lawson Crouse wins face-off versus Trevor Zegras in BOISE CARIBOUS zone. 18:06 of 1st period - Tyson Barrie is hit by Vincent Trocheck. 18:34 of 1st period - Shot by Ryan Poehling. 18:34 of 1st period - Stopped by Ilya Sorokin without a rebound. 18:35 of 1st period - Jean-Gabriel Pageau wins face-off versus Trevor Zegras in BOISE CARIBOUS zone. 18:48 of 1st period - Shot by Wade Allison. 18:48 of 1st period - Deflect By Trevor Zegras. 18:48 of 1st period - Shot Blocked by Artturi Lehkonen. 18:50 of 1st period - Shot by Trevor Zegras. 18:50 of 1st period - Stopped by Ilya Sorokin without a rebound. 18:51 of 1st period - Jesperi Kotkaniemi wins face-off versus Jonathan Toews in BOISE CARIBOUS zone. 18:51 of 1st period - Jesperi Kotkaniemi is hit by Jonathan Toews. 18:54 of 1st period - Icing by Kirill Marchenko. 18:55 of 1st period - Jesperi Kotkaniemi wins face-off versus Jonathan Toews in BOISE CARIBOUS zone. 18:55 of 1st period - Jesperi Kotkaniemi is hit by Troy Terry. 19:48 of 1st period - Minor Penalty to Moritz Seider for Hooking. 19:49 of 1st period - Vincent Trocheck wins face-off versus Kevin Hayes in BOISE CARIBOUS zone. 19:49 of 1st period - Vincent Trocheck is hit by Kevin Hayes. Goals for this period are 1 for BOISE CARIBOUS vs 1 for TEXAS TOROS. Shots for this period are 8 for BOISE CARIBOUS vs 11 for TEXAS TOROS. 2nd period 0:01 of 2nd period - Vincent Trocheck wins face-off versus Trevor Zegras in neutral zone. 0:33 of 2nd period - Shot by Trevor Zegras. 0:33 of 2nd period - Stopped by Ilya Sorokin with a rebound. 0:35 of 2nd period - Shot by Troy Terry. 0:35 of 2nd period - Shot Misses the Net. 0:37 of 2nd period - Shot b